 Dungeon Crawl Stone Soup version 0.30-a0-591-g3c58d2bc28 (webtiles) character file.

Game seed: 6625096492389976846

2413 Armakuni the Prestidigitator (level 9, -6/65 (68) HPs)
             Began as a Human Artificer on Jan 5, 2023.
             Killed from afar by a steam dragon (17 damage)
             ... with a ball of steam
             ... on level 7 of the Dungeon.
             The game lasted 00:18:41 (7478 turns).

Armakuni the Prestidigitator (Human Artificer)      Turns: 7478, Time: 00:18:41

HP:   -6/65 (68)    AC: 21    Str: 23    XL:     9   Next: 76%
MP:   9/9           EV: 10    Int: 11    God:
Gold: 1690          SH:  0    Dex: 14    Spells: 8/8 levels left

rFire   . . .      SeeInvis .    a - +3 quarterstaff (chaos)
rCold   + . .      Faith    .    (shield currently unavailable)
rNeg    . . .      Spirit   .    s - +0 scale mail
rPois   +          Reflect  .    w - +0 helmet
rElec   .          Harm     .    y - +2 cloak {rPois}
rCorr   .          Rampage  .    C - +1 pair of gloves
Will    .....                    B - +3 pair of mountain boots {steadfast, rC+} Stlth
                                 (no amulet)
HPRegen 0.30/turn                A - +4 ring of protection
MPRegen 0.11/turn                V - +6 ring of strength

@: lightly drained
A: no striking features
a: no special abilities


You were on level 7 of the Dungeon.
You visited 2 branches of the dungeon, and saw 8 of its levels.

You collected 1851 gold pieces.
You spent 161 gold pieces at shops.

Inventory:

Hand Weapons
 a - a +3 quarterstaff of chaos (weapon)
 b - a +0 quarterstaff
 d - the +8 dagger "Hesch" {freeze, Drain rC++}
   (You found it on level 5 of the Dungeon)

   rC:        It greatly protects you from cold.
   Drain:     It drains your maximum health when unequipped.
 t - a +2 dagger of venom
Missiles
 u - 2 throwing nets
 E - 4 curare-tipped darts
Armour
 s - a +0 scale mail (worn)
 w - a +0 helmet (worn)
 y - a +2 cloak of poison resistance (worn)
 B - the +3 pair of mountain boots (worn) {steadfast, rC+}
   (You found it on level 6 of the Dungeon)

   It prevents involuntary movement, except for blinking, teleportation, or
   banishment.
   rC:        It protects you from cold.
 C - a +1 pair of gloves (worn)
Magical Staves
 e - a staff of fire
Jewellery
 A - a +4 ring of protection (left hand)
 V - a +6 ring of strength (right hand)
Wands
 c - a wand of charming (12)
 j - a wand of iceblast (9)
 v - a wand of flame (9) (quivered)
Scrolls
 m - a scroll of torment
 o - 6 scrolls of teleportation
 D - a scroll of immolation
 F - a scroll of fear
Potions
 f - 4 potions of curing
 g - 2 potions of ambrosia
 h - a potion of might
 i - a potion of attraction {unknown}
 k - 2 potions of heal wounds
 l - 2 potions of invisibility
 n - a potion of mutation {unknown}
 p - a potion of lignification {unknown}
 q - a potion of magic {unknown}
 r - a potion of flight {unknown}
 x - a potion of experience {unknown}
 z - a potion of degeneration {unknown}


   Skills:
 - Level 5.0 Fighting
 - Level 5.0 Staves
 - Level 3.0 Armour
 - Level 2.0 Dodging
 - Level 1.0 Stealth
 + Level 10.2 Evocations


You had 8 spell levels left.
You didn't know any spells.
Your spell library contained the following spells:

 Spells                   Type           Power      Damage    Failure   Level
 Cigotuvi's Dreadful Rot  Necr/Pois/Air  0%         N/A       80%         2
 Poisonous Vapours        Pois/Air       0%         N/A       80%         2
 Sublimation of Blood     Necr           0%         N/A       80%         2
 Dazzling Flash           Conj/Hex       0%         N/A       95%         3
 Gell's Gravitas          Tloc           0%         N/A       95%         3
 Mephitic Cloud           Conj/Pois/Air  0%         N/A       95%         3
 Teleport Other           Tloc           0%         N/A       95%         3
 Petrify                  Tmut/Erth      0%         N/A       100%        4
 Agony                    Necr           0%         N/A       100%        5
 Irradiate                Conj/Tmut      0%         3d11      100%        5
 Silence                  Hex/Air        0%         N/A       100%        5
 Dispersal                Tloc           0%         N/A       100%        6


Dungeon Overview and Level Annotations

Branches:
Dungeon (7/15)             Temple (1/1) D:6

Altars:
Cheibriados
Dithmenos
Elyvilon
Gozag
Hepliaklqana
Kikubaaqudgha
Makhleb
Okawaru
Qazlal
Ru
Sif Muna
Trog
Uskayaw
Wu Jian
Xom
Yredelemnul
Zin
The Shining One

Shops:
D:5 [   D:6 [

Annotations:
D:5 2 transporters, Dowan, Duvessa, Menkaure


Message History

You thump the wight!
You destroy the wight!
Items here: )))) [[[[.
Okay, then.
You start resting.
HP restored.
Okay, then.
A steam dragon comes into view.
The steam dragon breathes steam at you. The ball of steam hits you!
No reachable target in view!
Aiming: Iceblast
Press: ? - help, Shift-Dir - straight line, f - steam dragon
Aim: a steam dragon (steam, ally target)
The mass of ice explodes!
The iceblast engulfs the steam dragon!
The steam dragon is moderately wounded.
You are engulfed in a cloud of scalding steam.
You closely miss the steam dragon.
The steam dragon is moderately wounded.
The steam dragon bites you but does no damage.
The steam dragon claws you.
You hit the steam dragon.
The steam dragon is heavily wounded.
The steam dragon breathes steam at you. The ball of steam hits you!!
The ball of steam hits your jelly zombie!!
Your jelly zombie is destroyed!
You hit the steam dragon.
The steam dragon seems to speed up.
The steam dragon is heavily wounded.
You are engulfed in a cloud of scalding steam.
* * * LOW HITPOINT WARNING * * *
The steam dragon closely misses you. x2; The steam dragon bites you.
* * * LOW HITPOINT WARNING * * *
The steam dragon claws you but does no damage.
The steam dragon attacks as you move away!
The steam dragon barely misses you. The steam dragon claws you.
* * * LOW HITPOINT WARNING * * *
The steam dragon breathes steam at you. The ball of steam hits you!
You die...

*,,* *,* ####.# *,,##*,*
#....#
*,,....#######...##
**,#.............#
*,#.#########...#
*,#$#########..##
*,#...,........#
#,#..#*#####...###
####.#§@# #......####
#....D§§# #..........
#.##.##.# #......#...
*,#.,,#.# ####..##..#._.
*,#*,*#.# #.....##..#...
*,**,*#.# #.##..##..####
*,**,*#.# #.##..##......
*,**,*#.###.##..##......
*,**,*#....#....#######.


You could see a steam dragon (fast, catching breath).

Vanquished Creatures
  2 black bears
  An ice beast (D:6)
  An ogre (D:6)
  2 centaurs
  2 bullfrogs (D:6)
  A kobold brigand (D:7)
  3 phantoms
  A necrophage (D:6)
  3 scorpions
  4 wights (D:7)
  A howler monkey (D:4)
  3 hounds (D:5)
  5 orc priests
  Crazy Yiuf (D:4)
  5 jellies
  Jessica (D:2)
  3 orc wizards
  Natasha (twice) (D:4)
  4 iguanas
  Robin (D:4)
  11 gnolls
  12 adders
  A white imp (D:6)
  An ufetubus (D:6)
  2 worms
  8 dart slugs
  17 orcs
  8 ball pythons
  3 bats
  8 endoplasms
  5 giant cockroaches
  23 goblins
  9 hobgoblins
  8 kobolds
  3 quokkas
  5 frilled lizards
  4 rats
174 creatures vanquished.

Vanquished Creatures (collateral kills)
  7 goblins (D:4)
  A hobgoblin (D:4)
8 creatures vanquished.

Vanquished Creatures (others)
  A jelly zombie (D:7)
  A rat (D:1)
  12 plants (D:2)
14 creatures vanquished.

Grand Total: 196 creatures vanquished

Notes
Turn   | Place    | Note
-------+----------+-------------------------------------------
     0 | D:1      | Armakuni the Human Artificer began the quest for the Orb.
     0 | D:1      | Reached XP level 1. HP: 15/15 MP: 1/1
   223 | D:1      | Reached XP level 2. HP: 22/22 MP: 2/2
   448 | D:1      | Reached XP level 3. HP: 25/28 MP: 3/3
   902 | D:1      | Found a faded altar of an unknown god.
  1389 | D:2      | Identified a scroll of acquirement
  1389 | D:2      | Acquired 1323 gold pieces
  1488 | D:2      | Reached XP level 4. HP: 16/35 MP: 4/4
  1792 | D:2      | Noticed Jessica
  1801 | D:2      | Killed Jessica
  1802 | D:2      | Reached skill level 4 in Evocations
  1802 | D:2      | Reached XP level 5. HP: 41/41 MP: 5/5
  1831 | D:2      | You fall into a shaft and drop 2 floors!
  2059 | D:4      | Reached skill level 5 in Evocations
  2059 | D:4      | Reached skill level 1 in Staves
  2059 | D:4      | Reached XP level 6. HP: 11/47 MP: 6/6
  3850 | D:4      | Reached XP level 7. HP: 51/52 MP: 7/7
  3868 | D:4      | Noticed Natasha
  3882 | D:4      | Killed Natasha
  3883 | D:4      | Noticed Robin
  3889 | D:4      | Killed Robin
  4011 | D:4      | Found a runed translucent door.
  4012 | D:4      | Noticed Crazy Yiuf
  4047 | D:4      | Killed Crazy Yiuf
  4563 | D:4      | Noticed Natasha
  4569 | D:4      | Killed Natasha
  4586 | D:5      | Entered Level 5 of the Dungeon
  4590 | D:5      | Reached skill level 5 in Staves
  4599 | D:5      | Found Nokateonn's Armour Shoppe.
  4667 | D:5      | Reached XP level 8. HP: 49/58 MP: 8/8
  4708 | D:5      | Found a hide-covered altar of Uskayaw.
  4770 | D:5      | Identified the +8 dagger "Hesch" {freeze, Drain rC++}
  4787 | D:5      | Found a basalt altar of Yredelemnul.
  4791 | D:5      | Noticed Menkaure
  4794 | D:5      | Found an ancient bone altar of Kikubaaqudgha.
  4798 | D:5      | Found a transporter.
  4801 | D:5      | Noticed Duvessa
  4816 | D:5      | Found a transporter.
  4898 | D:5      | Noticed Dowan
  5163 | D:5      | Reached skill level 6 in Evocations
  5465 | D:6      | Found a hazy altar of Hepliaklqana.
  5512 | D:6      | Found a staircase to the Ecumenical Temple.
  5522 | D:6      | Reached skill level 5 in Fighting
  5541 | D:6      | Reached skill level 7 in Evocations
  5626 | Temple   | Entered the Ecumenical Temple
  5996 | D:6      | Reached XP level 9. HP: 67/68 MP: 9/9
  6118 | D:6      | Reached skill level 8 in Evocations
  6271 | D:6      | Found the +3 pair of mountain boots {steadfast, rC+}
  6297 | D:6      | Found Gehasid's Armour Shoppe.
  6341 | D:6      | Bought a +1 pair of gloves for 161 gold pieces
  6846 | D:7      | Reached skill level 9 in Evocations
  7245 | D:7      | Found a shimmering blue altar of Sif Muna.
  7383 | D:7      | Reached skill level 10 in Evocations
  7478 | D:7      | Killed from afar by a steam dragon

Illustrated notes

Levels and vault maps discovered:
D:1:      dpeg_arrival_circle_labyrinth_c, layout_basic, serial_glass,
          glass_columns_c, glass_columns_a, basic_ecumenical_altar
D:2:      layout_basic, serial_bayou_crossing, uniq_jessica
D:3:      layout_loops_cross, grunt_decor_clamped, kennysheep_generic_room_7
D:4:      cheibrodos_greedy_goblins, layout_cave_pods, kennysheep_diamond,
          uniq_robin, uniq_crazy_yiuf_cottage, uniq_natasha
D:5:      layout_basic, gammafunk_temple_of_torment, lemuel_doored_altar,
          serial_shops, nicolae_shop_window_shopping, uniq_duvessa,
          uniq_menkaure
D:6:      layout_basic, nicolae_overflow_crystal_walls,
          minmay_temple_entry_offerings, serial_shops, nicolae_shop_statue_plus
D:7:      layout_loops_ring, mainiacjoe_overflow_chevrons,
          mainiacjoe_overflow_alcove_1
Temple:   oiseaux_autumnal_temple

Skill      XL: |  1  2  3  4  5  6  7  8  9 |
---------------+----------------------------+-----
Fighting       | 2 3 5 |  5.0
Dodging        | 2 |  2.0
Evocations     | 4 5 7 10 | 10.2
Staves         | 1 3 5 |  5.0
Armour         | 3 |  3.0
Stealth        | |  1.0

Action                   |  1- 3 |  4- 6 |  7- 9 || total
-------------------------+-------+-------+-------++-------
Melee: Mace              |    73 |       |       ||    73
       Quarterstaff      |    32 |   182 |   277 ||   491
Evoke: Wand              |     3 |     5 |     6 ||    14
  Use: Scroll            |     3 |     1 |     9 ||    13
 Stab: Sleeping          |       |     1 |       ||     1
Armor: Leather armour    |    49 |    47 |       ||    96
       Scale mail        |       |    10 |   191 ||   201
Dodge: Dodged            |    90 |   100 |   143 ||   333

Table legend: (Time is in decaauts)
 A = Elapsed time spent in this place.
 B = Non-inter-level travel time spent in this place.
 C = Inter-level travel time spent in this place.
 D = Time resting spent in this place.
 E = Time spent auto-exploring this place.
 F = Levels seen in this place.
 G = Mean time per level.
                   A        B        C        D        E       F      G
               +--------+--------+--------+--------+--------+-----+--------+
         Total |   7585 |   7273 |    312 |   1146 |   4249 |   8 |  948.1 |
       Dungeon |   7258 |   6966 |    292 |   1146 |   3982 |   7 | 1036.9 |
        Temple |    327 |    307 |     20 |      0 |    266 |   1 |  327.0 |
               +--------+--------+--------+--------+--------+-----+--------+

Top non-repeatable levels by time:
     D:4: 1445 daAuts
     D:1: 1193 daAuts
     D:6: 1157 daAuts
     D:2: 1077 daAuts
     D:3: 956 daAuts
     D:5: 740 daAuts
     D:7: 687 daAuts
  Temple: 327 daAuts
